 Dungeon Crawl Stone Soup version 0.27-a0-1278-g6cbc8dfb29 (webtiles) character file.

Game seed: 12477185633055846935

13 freelancePsychic the Insei (level 2, 0/22 HPs)
             Began as a Djinni Transmuter on June 12, 2021.
             Slain by a quokka (2 damage)
             ... on level 1 of the Dungeon on June 13, 2021.
             The game lasted 00:01:10 (810 turns).

freelancePsychic the Insei (Djinni Transmuter)       Turns: 810, Time: 00:01:11

Health: 0/22       AC:  2    Str:  9    XL:     2   Next: 50%
Gold:   37         EV: 12    Int: 14    God:
                   SH:  0    Dex: 13

rFire    + + .     SeeInvis .     - Unarmed
rCold    x . .     Faith    .   (no shield)
rNeg     . . .     Spirit   .   a - +0 robe
rPois    ∞         Reflect  .   (helmet currently unavailable)
rElec    .         Harm     .   (no cloak)
rCorr    .         Rampage  .   (no gloves)
Will     .....                  (boots unavailable)
Stlth    +.........             (no amulet)
HPRegen  0.07/turn              d - ring of wizardry
MPRegen  0.00/turn              (no ring)

@: appendages, wereblooded, flying
A: horns 2, flying, sickness immunity, fire resistance 2, cold vulnerability 1,
float, innate caster, hp casting, extra vitality 1
a: End Transformation


You were on level 1 of the Dungeon.
You had temporarily grown beastly horns.
You visited 1 branch of the dungeon, and saw 1 of its levels.

You collected 37 gold pieces.

Inventory:

Missiles
 b - 8 atropa-tipped darts
Armour
 a - a +0 robe (worn)
Jewellery
 d - a ring of wizardry (left hand)
Scrolls
 f - 2 scrolls of identify {unknown}
Potions
 c - 2 potions of attraction {unknown}
 e - 2 potions of curing {unknown}


   Skills:
 - Level 1.0 Fighting
 - Level 2.1 Dodging
 + Level 3.2 Unarmed Combat
 * Level 2.1 Spellcasting


You couldn't memorise any spells.
You knew the following spells:

 Your Spells              Type           Power      Damage    Failure   Level
a - Beastly Appendage     Tmut           14%        N/A       4%          1
b - Wereblood             Tmut           7%         N/A       6%          2
c - Spider Form           Tmut/Pois      3%         N/A       12%         3
d - Ice Form              Ice/Tmut       7%         N/A       36%         4
Your spell library was empty.

Dungeon Overview and Level Annotations

Branches:
Dungeon (1/15)

Altars:


Innate Abilities, Weirdness & Mutations

You have temporarily grown beastly horns.
You are flying.
You are immune to sickness and miasma.
You are immune to poison.
Your flesh is very heat resistant. (rF++)
You are vulnerable to cold. (rC-)
You float through the air rather than walking.
You learn spells naturally, not from books.
Your magical power is your life essence.
You have superior vitality. (+4 HP)


Message History

The quokka barely misses you.
Casting: Beastly Appendage (safe; 4% risk of failure)
Confirm with . or Enter, or press ? or * to list all spells.
Your blood is infused with primal strength.
Your transformation is almost over.
The quokka completely misses you.
You completely miss the quokka. The quokka bites you.
You hit the quokka but do no damage. The quokka closely misses you.
A ball python comes into view.
You miss the quokka.
The ball python hisses angrily.
Your headbutt misses the quokka. The quokka closely misses you.
You closely miss the quokka. Your headbutt misses the quokka.
The quokka bites you.
You barely miss the quokka. Your headbutt misses the quokka.
The quokka bites you.
* * * LOW HITPOINT WARNING * * *
You hit the quokka but do no damage. The quokka closely misses you.
You hit the quokka but do no damage. The quokka barely misses you.
The quokka bites you.
* * * LOW HITPOINT WARNING * * *
You closely miss the quokka. The quokka closely misses you.
You closely miss the quokka.
Your horns disappear.
The quokka bites you but does no damage.
You hit the quokka but do no damage. The quokka barely misses you.
Casting: Wereblood (safe; 6% risk of failure)
Confirm with . or Enter, or press ? or * to list all spells.
You grow a pair of large bovine horns.
* * * LOW HITPOINT WARNING * * *
The quokka bites you.
* * * LOW HITPOINT WARNING * * *
You closely miss the quokka. The quokka closely misses you.
You closely miss the quokka.
You headbutt the quokka, but do no damage.
The quokka twitches its whiskers.
The quokka bites you.
* * * LOW HITPOINT WARNING * * *
The quokka bites you.
You die...

#.#
#.#.#..#.#
#.#
#.#....#.#
#.#
#.#.####.#
#.# #.#..
..# #.# #.
### #†#
#.# #.#
#@# #r#
#b# #S#
... ##...
...P.
..♣≈hP
≈.≈..≈.


You could see a quokka, a bat and a ball python.

Vanquished Creatures
  2 dart slugs (D:1)
  An endoplasm (D:1)
  A hobgoblin (D:1)
  A jackal (D:1)
  2 ball pythons (D:1)
  A frilled lizard (D:1)
  2 rats (D:1)
10 creatures vanquished.

Vanquished Creatures (others)
  2 plants (D:1)
2 creatures vanquished.

Grand Total: 12 creatures vanquished

Notes
Turn   | Place    | Note
-------+----------+-------------------------------------------
     0 | D:1      | freelancePsychic the Djinni Transmuter began the quest for
                  | the Orb.
     0 | D:1      | Reached XP level 1. HP: 17/17 MP: 0/0
   475 | D:1      | Reached XP level 2. HP: 22/22 MP: 0/0
   810 | D:1      | Slain by a quokka

Illustrated notes

Levels and vault maps discovered:
D:1:      dpeg_arrival_erosion, layout_basic, serial_curves, eino_curves_03,
          eino_curves_02, chequers_serial_rivers_micro_a, serial_bayou_pond_b

Skill      XL: |  1  2 |
---------------+-------+-----
Spellcasting   | 2 |  2.1
Fighting       | |  1.0
Dodging        | |  2.1
Unarmed Combat | |  3.2

Action                   || total
-------------------------++-------
Melee: Unarmed           ||    61
       Headbutt          ||     1
 Cast: Beastly Appendage ||     3
       Wereblood         ||     1
Armor: Robe              ||     5
Dodge: Dodged            ||    33

Table legend: (Time is in decaauts)
 A = Elapsed time spent in this place.
 B = Non-inter-level travel time spent in this place.
 C = Inter-level travel time spent in this place.
 D = Time resting spent in this place.
 E = Time spent auto-exploring this place.
 F = Levels seen in this place.
 G = Mean time per level.
                   A        B        C        D        E       F      G
               +--------+--------+--------+--------+--------+-----+--------+
         Total |    805 |    805 |      0 |    124 |    562 |   1 |  805.0 |
       Dungeon |    805 |    805 |      0 |    124 |    562 |   1 |  805.0 |
               +--------+--------+--------+--------+--------+-----+--------+

Top non-repeatable levels by time:
     D:1: 805 daAuts
